[Event "Early-Titled-Tuesday-Blitz-January-30-2024"]
[Site "Chess.com"]
[Date "2024.01.30"]
[Round "5"]
[White "Chesstiger64"]
[Black "ljuks68"]
[Result "0-1"]
[WhiteElo "2210"]
[BlackElo "2429"]
[TimeControl "180+1"]
[EndTime "8:58:43 PST"]
[Termination "ljuks68 won by checkmate"]

1. d4 d5 2. Nf3 Nf6 3. e3 c5 4. c3 Nc6 5. Bd3 Bg4 6. Nbd2 e6 7. O-O Bd6 8. dxc5 Bxc5 9. e4 d4 10. Nb3 Bb6 11. cxd4 Bxf3 12. Qxf3 Nxd4 13. Nxd4 Bxd4 14. Bb5+ Ke7 15. Bg5 Qb6 16. Rfd1 e5 17. Bc4 Rhd8 18. Rab1 Rac8 19. b3 Rd6 20. Be3 Rcd8 21. Bxd4 Rxd4 22. Rxd4 Qxd4 23. Re1 a6 24. g4 Qd2 25. Re2 Qg5 26.
h3 h5 27. Qf5 Qxf5 28. gxf5 Rd4 29. f3 b5 30. Bd5 Nxd5 31. exd5 Rxd5 32. Kf2 Kf6 33.
Kg3 Kxf5 34. h4 f6 35. Kf2 Rd4 36. Kg3 g5 37. hxg5 fxg5 38. Rc2 Rd3 39. Kf2 Kf4 40.
Re2 h4 41. Re4+ Kf5 42. Kg2 Rd2+ 43. Kh3 Rxa2 44. Rb4 Ra3 45. Kg2 Ra2+ 46. Kg1 Rb2 47. Kf1 Ke6 48. Kg1 Kd5 49. Kf1 Kc5 50. Re4 Rxb3 51. Rxe5+ Kc4 52. Ke2 Rb2+ 53. Ke3 h3 54. Rxg5 h2 55. Rh5 a5 56. f4 a4 57. f5 a3 58. Rh8 a2 59. Ra8 h1=Q 60. f6 Qe1+ 61. Kf4 Rf2+ 62. Kg5 Qg1+ 63. Kh6 Rh2# 0-1

[Event "Early-Titled-Tuesday-Blitz-January-30-2024"]
[Site "Chess.com"]
[Date "2024.01.30"]
[Round "5"]
[White "Cambek64"]
[Black "NikolaGry"]
[Result "1/2-1/2"]
[WhiteElo "2509"]
[BlackElo "2718"]
[TimeControl "180+1"]
[EndTime "8:58:44 PST"]
[Termination "Game drawn by repetition"]

1. e4 d5 2. Nc3 d4 3. Nce2 e5 4.
Ng3 Be6 5. Nf3 f6 6. Bb5+ Nd7 7. O-O c6 8. Ba4 Nc5 9. Bb3 Nxb3 10. axb3 Ne7 11.
d3 c5 12. Ne1 Nc6 13. f4 exf4 14. Bxf4 Bd6 15. Bxd6 Qxd6 16. Nf5 Qd7 17. h3 O-O 18. Qf3 g6 19. Ng3 Qd6 20. Qf2 Rf7 21. Nf3 Raf8 22. Rae1 Ne5 23. Nxe5 Qxe5 24. Qf4 a5 25. Qxe5 fxe5 26.
Rxf7 Rxf7 27. Rf1 Rxf1+ 28. Nxf1 Kf7 29. Nd2 b5 30. Nf3 Kf6 31. Kf2 g5 32. h4 g4 33.
Ng1 h5 34. Ne2 a4 35. bxa4 bxa4 36. Ke1 c4 37. dxc4 Bxc4 38. Nc1 Ke6 39. g3 Kd6 40. Kd2 Kc5 41. c3 Kb5 42. Kc2 Kc5 43. Kd2 Kb5 44. cxd4 exd4 45. Nd3 Bxd3 46. Kxd3 Kc5 47. e5 Kd5 48. e6 Kxe6 49. Kxd4 Kd6 50. Kc4 Ke5 51. Kd3 Kd5 52. Ke3 Kc4 53. Kd2 Kb3 54. Kc1 Kb4 55. Kd2 Kc4 56. Kc2 Kb4 57. Kd2 Kb3 58. Kc1 Kc4 59. Kc2 Kb4 60. Kd2 1/2-1/2

[Event "Early-Titled-Tuesday-Blitz-January-30-2024"]
[Site "Chess.com"]
[Date "2024.01.30"]
[Round "5"]
[White "lilleper1"]
[Black "Duhless"]
[Result "1/2-1/2"]
[WhiteElo "2918"]
[BlackElo "3093"]
[TimeControl "180+1"]
[EndTime "8:58:45 PST"]
[Termination "Game drawn - insufficient material"]

1. e4 c5 2. Nf3 d6 3. d4 cxd4 4. Nxd4 Nf6 5. Nc3 Nc6 6. f3 e5 7. Nb3 Be7 8. Be3 O-O 9. Qd2 a5 10. Bb5 Be6 11. O-O d5 12. exd5 Nxd5 13. Nxd5 Qxd5 14.
Qxd5 Bxd5 15. Rfd1 Nb4 16. Rd2 a4 17. Nc5 a3 18. c3 axb2 19. Rxb2 Nxa2 20. c4 Nc3 21. Rxa8 Rxa8 22. cxd5 Nd1 23. d6 Bxd6 24. Rd2 Nxe3 25. Rxd6 h6 26. Bd3 f5 27. Nxb7 Ra1+ 28. Kf2 f4 29. Ra6 Rd1 30. Be2 Rd2 31. Nc5 Nxg2 32. Ne4 Rb2 33. Kxg2 Rxe2+ 34. Kg1 Kf7 35. Ra7+ Kg6 36.
Re7 Kh5 37. Rxe5+ Kh4 38. Rd5 g5 39. Rd2 Re3 40. Rf2 g4 41. Nd2 g3 42. hxg3+ fxg3 43. Rg2 h5 44. f4 Kh3 45. Nf1 Re4 46. Rxg3+ Kh4 47. f5 Rf4 48. Rg2 Rxf5 49. Rh2+ Kg5 50. Rg2+ Kf6 51. Ne3 Rg5 52. Rxg5 Kxg5 53. Ng2 h4 54.
Nxh4 1/2-1/2

[Event "Early-Titled-Tuesday-Blitz-January-30-2024"]
[Site "Chess.com"]
[Date "2024.01.30"]
[Round "5"]
[White "Lady_Nika"]
[Black "pedro_gines"]
[Result "1-0"]
[WhiteElo "2580"]
[BlackElo "2771"]
[TimeControl "180+1"]
[EndTime "8:58:45 PST"]
[Termination "Lady_Nika won on time"]

1. d4 d5 2. e3 Nf6 3. f4 Bf5 4. Nf3 e6 5. c3 Bd6 6. Bd3 O-O 7. O-O Nc6 8. Qc2 Ne7 9. Nbd2 c5 10.
Ne5 c4 11. Bxf5 exf5 12. b3 b5 13. a4 a6 14. b4 a5 15. Ba3 axb4 16. Bxb4 Bxb4 17.
cxb4 Qd6 18. axb5 Qxb4 19. Rab1 Qa3 20. Rfe1 Rfb8 21. Nf1 Ne4 22. b6 Qa6 23. Nd7 Rd8 24. b7 Rab8 25. Nxb8 Rxb8 26. Ra1 Qxb7 27. Reb1 Qc8 28.
Rxb8 Qxb8 29. Qa4 g6 30. Qd7 Kf8 31. Ra7 Qe8 32. Qb7 Nd6 33. Qb4 Nec8 34. Ra8 Kg7 35. Qc5 Qe6 36. Ra6 h5 37. Rc6 h4 38. Ra6 Kh7 39.
Ra5 Ne7 40. Ra6 Nec8 41. Qa3 Kg7 42. h3 Kh7 43. Nh2 Qd7 44. Nf3 Ne4 45. Ne5 Qe8 46. Ra8 Qe6 47. Qf8 Ned6 48. Ra6 c3 49. Rc6 Qe7 50.
Qxe7 Nxe7 51. Rxc3 Ne4 52. Rc7 Ng8 53. Rxf7+ Kh6 54.
Rd7 Ngf6 55. Rd6 Kh5 56. Rd8 Kh6 57. Nf7+ Kg7 58. Ne5 Kh6 59. Nf3 1-0

[Event "Early-Titled-Tuesday-Blitz-January-30-2024"]
[Site "Chess.com"]
[Date "2024.01.30"]
[Round "5"]
[White "NastyaHn"]
[Black "maximnovik"]
[Result "0-1"]
[WhiteElo "2372"]
[BlackElo "2592"]
[TimeControl "180+1"]
[EndTime "8:58:47 PST"]
[Termination "maximnovik won on time"]

1. Nc3 c6 2. e4 d5 3. d4 dxe4 4. Nxe4 Bf5 5. Ng3 Bg6 6. N1e2 Nf6 7. Nf4 e5 8. dxe5 Qa5+ 9. c3 Qxe5+ 10. Qe2 Nbd7 11.
Be3 O-O-O 12. O-O-O Bc5 13. Bxc5 Qxf4+ 14. Be3 Qa4 15. b3 Qa5 16. Qb2 Nd5 17. Bd4 f6 18.
Bc4 N7b6 19. Bxb6 Nxb6 20. Be6+ Kc7 21. Rhe1 Qg5+ 22. Rd2 Rhe8 23. Re3 h5 24. Rxd8 Rxd8 25. Qe2 h4 26. Nf1 Qxg2 27. Nd2 Qxh2 28. a4 Qd6 29. b4 Re8 30. a5 Nd5 31. Bxd5 Rxe3 32. Qxe3 cxd5 33.
Qh3 Qf4 34. Kd1 Bf5 35. Qh1 Qe5 36. Qxh4 Qxc3 37. Qf4+ Qe5 38. Qh4 b6 39. axb6+ axb6 40. b5 Bd7 41. Qb4 Qd6 42. Qb2 Qc5 43. Qa2 Kd6 44. Qa7 Qc7 45. Qa6 Qc5 46. Qb7 Qxf2 47. Qb8+ Ke7 48. Qc7 Qc5 49. Qb8 Bxb5 50. Qg8 g5 51. Qg7+ Ke6 52. Qg8+ Kf5 53. Qh7+ Kf4 54. Qh2+ Kf5 55. Qh7+ Ke5 56. Qh2+ Ke6 57. Qh3+ Kd6 58. Qg3+ Kc6 59. Qb8 Ba4+ 60. Ke1 Qb5 0-1

[Event "Early-Titled-Tuesday-Blitz-January-30-2024"]
[Site "Chess.com"]
[Date "2024.01.30"]
[Round "5"]
[White "HamedWafa4"]
[Black "GMaka"]
[Result "1-0"]
[WhiteElo "2798"]
[BlackElo "2526"]
[TimeControl "180+1"]
[EndTime "8:58:49 PST"]
[Termination "HamedWafa4 won by resignation"]

1. e4 c6 2. d4 d5 3. e5 Qb6 4. Be2 Bf5 5. Nf3 e6 6. O-O Nd7 7. c3 Ne7 8. a4 a5 9. h3 h6 10. Re1 g5 11. Nbd2 Bg7 12. Nf1 O-O 13. Ng3 Bg6 14.
h4 g4 15. Nh2 h5 16. f3 Nf5 17. Nxf5 exf5 18. f4 Rfd8 19. Nf1 Nf8 20. Bd3 Ne6 21. Ng3 c5 22. Nxf5 Bxf5 23. Bxf5 cxd4 24. cxd4 Qxd4+ 25. Be3 Qb4 26. Qd3 Nxf4 27. Bxf4 Qxf4 28. Rf1 Qxe5 29. Rad1 Rd6 30. Kh1 Rad8 31. Bh7+ Kh8 32. Rf5 Qe4 33. Rxh5 Qxd3 34. Bxd3+ Kg8 35. Rg5 Kf8 36. Rxg4 Bxb2 37. Rb1 Rb6 38. h5 Ke7 39. Re1+ Re6 40. Rf1 Rh8 41.
Rg5 d4 42. g4 Re3 43. Bc4 f6 44.
Rg7+ Kd6 45. Rxf6+ Kc5 46. Rc7+ Kb4 47. Rb6+ Ka3 48.
Rcxb7 Bc3 49. Rb3+ Kxa4 50. Rb1 Rf8 51. Bb5+ Ka3 52. Bc6 Rf2 53. R7b3+ Ka2 54. Bd5 Rh3+ 55.
Kg1 Rhh2 56. R3b2+ Ka3 57. Rxf2 Rxf2 58. Kxf2 d3 59.
Rd1 Bd4+ 60. Kf3 Kb4 61. Rxd3 1-0

[Event "Early-Titled-Tuesday-Blitz-January-30-2024"]
[Site "Chess.com"]
[Date "2024.01.30"]
[Round "5"]
[White "HajiyevKanan"]
[Black "Matibar"]
[Result "0-1"]
[WhiteElo "2575"]
[BlackElo "2801"]
[TimeControl "180+1"]
[EndTime "8:58:50 PST"]
[Termination "Matibar won by checkmate"]

1. d4 d6 2. Nf3 Nf6 3. g3 g6 4.
Bg2 Bg7 5. O-O O-O 6. b3 c6 7.
Bb2 Bf5 8. Nbd2 Qc8 9. c4 Bh3 10.
Qc2 Bxg2 11. Kxg2 a5 12. e4 Na6 13. e5 dxe5 14. dxe5 Ng4 15. Qe4 Nc5 16. Qe2 Rd8 17.
h3 Nd3 18. hxg4 Qxg4 19. Qe4 Qxe4 20. Nxe4 Nxb2 21. Nc5 b6 22. Rab1 Nd3 23. Nxd3 Rxd3 24. Rbd1 Rad8 25. Rxd3 Rxd3 26. Rc1 e6 27. Rc2 Rd1 28.
c5 b5 29. g4 h6 30. Kg3 g5 31. Kg2 Kf8 32. a4 b4 33. Rd2 Rxd2 34. Nxd2 Bxe5 35. Nc4 Bc7 36. Kf3 f6 37. Ke4 Kf7 38. f3 Kg6 39.
Ke3 f5 40. Kf2 h5 41. gxh5+ Kxh5 42. Nd6 Kg6 43. Nc4 Kf6 44. Ke3 e5 45. Kd3 Ke6 46.
Ne3 Bd8 47. Kc4 Be7 48. Ng2 f4 49. Ne1 Kf5 50. Nd3 e4 51. fxe4+ Kxe4 52. Nf2+ Kf5 53. Kd4 g4 54. Ne4 g3 55. Nd2 Kg4 56. Ke4 Bxc5 57. Nf3 Be3 58. Ne5+ Kh3 59. Kf3 g2 60. Nxc6 g1=Q 61.
Ke2 Qg2+ 62. Kd3 Qxc6 63. Ke2 Qe4 64. Kf1 Qc2 65. Ke1 f3 66. Kf1 Qd1# 0-1

[Event "Early-Titled-Tuesday-Blitz-January-30-2024"]
[Site "Chess.com"]
[Date "2024.01.30"]
[Round "5"]
[White "sergoy"]
[Black "Hikaru"]
[Result "1-0"]
[WhiteElo "2977"]
[BlackElo "3274"]
[TimeControl "180+1"]
[EndTime "8:58:51 PST"]
[Termination "sergoy won by resignation"]

1. d4 Nf6 2. c4 c5 3. d5 d6 4. Nc3 g6 5. e4 Bg7 6. h3 e6 7. Nf3 O-O 8. Bd3 exd5 9. cxd5 Re8 10.
O-O a6 11. a4 Nbd7 12. Bf4 Qc7 13. Bh2 Nh5 14. Nd2 Be5 15. f4 Bd4+ 16. Kh1 Rb8 17. e5 dxe5 18. f5 Nf4 19. Nf3 Nf6 20. fxg6 hxg6 21.
Ng5 Qd8 22. Bc4 Bxc3 23. d6 Bd4 24. Nxf7 Qb6 25. Nxe5+ Kg7 26. Nf3 Be3 27. Ng5 N6h5 28. d7 Rd8 29. Qf3 Qc6 30. dxc8=Q Rbxc8 31. Ne6+ Nxe6 32.
Qxe3 Re8 33. Be5+ Kh7 34. Rf7+ Neg7 35. Raf1 b5 36. Qc3 Rxe5 37. Qxe5 bxc4 38. R1f6 Qe8 39.
Re7 Qd8 40. Rff7 Qd1+ 41. Kh2 Qd4 42. Rxg7+ Nxg7 43. Rxg7+ Kh6 44. Re7 Qxe5+ 45. Rxe5 a5 46. Re4 c3 47. bxc3 Rd8 48. Re5 Rc8 49. Kg3 Kg7 50.
c4 Kf6 51. Rd5 Ke6 52. Kg4 Kf6 53. g3 Kg7 54. Kg5 Rc7 55. g4 Kh7 56. h4 Rb7 57. Rxc5 Ra7 58. Rb5 Rc7 59. c5 Rd7 60. Kf6 Rc7 61.
Ke6 Kg7 62. Kd6 1-0

[Event "Early-Titled-Tuesday-Blitz-January-30-2024"]
[Site "Chess.com"]
[Date "2024.01.30"]
[Round "5"]
[White "C_K_G"]
[Black "Quattroporte300"]
[Result "1-0"]
[WhiteElo "2144"]
[BlackElo "2396"]
[TimeControl "180+1"]
[EndTime "8:58:51 PST"]
[Termination "C_K_G won by checkmate"]

1. e4 c5 2. Nf3 a6 3. d4 cxd4 4. Nxd4 Nf6 5. Nc3 e5 6. Nb3 Nc6 7. Bd3 Bb4 8. O-O Bxc3 9. bxc3 O-O 10. Bg5 h6 11. Bh4 Qe7 12. Kh1 g5 13. Bg3 Kg7 14. h4 d6 15. Nd2 Ng4 16. Nf3 Be6 17. Qd2 f6 18. a4 Rac8 19. Ng1 h5 20. f3 Nh6 21.
Rab1 Nf7 22. Ne2 Nh8 23. Qe3 Ng6 24. hxg5 fxg5 25. Qb6 Rc7 26. c4 h4 27. Bh2 Nf4 28. Nc3 Nd4 29. Nd5 Bxd5 30. cxd5 Rh8 31. Rf2 Rhc8 32.
Rb2 Qd7 33. Bf1 Nxc2 34. a5 Nd4 35. Rb1 Rb8 36. Rfb2 Rc5 37. Bxa6 Rbc8 38. Bxb7 Rc1+ 39. Bg1 R8c7 40. Bc6 Rxg1+ 41. Kxg1 Nxc6 42. dxc6 Qe7 43. a6 Kf6 44. Qxc7 Qxc7 45. Rb6 Ne2+ 46. Kf2 Nd4 47.
Rb7 Qxc6 48. a7 Qc2+ 49. Kg1 Ne2+ 50. Kh2 Nf4 51. R1b2 Qa4 52. R2b4 Qa2 53. Rb2 Qa6 54. R2b6 Qf1 55. Rb2 h3 56. a8=Q hxg2 57. Qf8+ Kg6 58. Qg8+ Kh5 59. Rh7# 1-0

[Event "Early-Titled-Tuesday-Blitz-January-30-2024"]
[Site "Chess.com"]
[Date "2024.01.30"]
[Round "5"]
[White "verrbaa"]
[Black "GAusal"]
[Result "0-1"]
[WhiteElo "2467"]
[BlackElo "2287"]
[TimeControl "180+1"]
[EndTime "8:58:52 PST"]
[Termination "GAusal won on time"]

1. e4 e5 2. Nf3 Nc6 3. Bb5 f5 4. d3 fxe4 5. dxe4 Nf6 6. O-O Bc5 7. Qd3 d6 8. c3 Be6 9. a4 a6 10.
Bc4 Bxc4 11. Qxc4 h6 12. b4 Ba7 13. a5 Qd7 14. h3 Qf7 15. Qxf7+ Kxf7 16. Re1 Rhf8 17. Na3 Rfe8 18. Nc4 Rad8 19. Bb2 Kg8 20. Nfd2 Ne7 21. g3 d5 22. exd5 Nexd5 23. Kg2 e4 24. Nf1 g5 25. Rad1 c6 26. Ncd2 Kf7 27. Nb3 Kg6 28.
Nc5 Bxc5 29. bxc5 e3 30. Nxe3 Nxe3+ 31. fxe3 Rxd1 32. Rxd1 Rxe3 33. Kf2 Re5 34. Ba3 Nd5 35. Rd3 Re4 36. Bc1 Ra4 37. Bd2 Rc4 38. Ke2 Rxc5 39.
Rf3 Nf6 40. Rd3 Re5+ 41. Kf2 Ne4+ 42. Kg2 Nxd2 43. Rxd2 Rxa5 44. Rd7 Rb5 45. Kf3 Rb3 46. Ke4 a5 47. Rd8 b5 48. g4 a4 49. Rd6+ Kf7 50.
Rxc6 a3 51. Kd4 b4 52. cxb4 Rxb4+ 53. Ke5 Ra4 54. Rc1 a2 55. Ra1 Kg6 56. Kd5 Ra3 57.
Ke5 h5 58. Kd5 hxg4 59. hxg4 Kf6 60. Kd6 Ra4 61. Kd5 Ra5+ 62. Kd4 Ke6 63. Ke4 Ra4+ 64.
Kf3 Ke5 65. Ke3 Ra3+ 66. Kf2 Kf4 0-1

[Event "Early-Titled-Tuesday-Blitz-January-30-2024"]
[Site "Chess.com"]
[Date "2024.01.30"]
[Round "5"]
[White "AlexTruskavetsky"]
[Black "JimDiGrease"]
[Result "0-1"]
[WhiteElo "2690"]
[BlackElo "2940"]
[TimeControl "180+1"]
[EndTime "8:58:53 PST"]
[Termination "JimDiGrease won by checkmate"]

1. d4 d5 2. c4 e6 3. Nc3 c6 4. e4 dxe4 5. Nxe4 Bb4+ 6. Nc3 e5 7. a3 Bxc3+ 8. bxc3 Qa5 9. Bd2 Nf6 10. Bd3 O-O 11. Ne2 e4 12. Bc2 Bg4 13. O-O Nbd7 14. h3 Bh5 15. g4 Bg6 16. Ng3 Nb6 17. g5 Nfd7 18. h4 f5 19. c5 Nc4 20. h5 Be8 21. g6 Kh8 22. Ne2 Qd8 23. Bb3 Nxd2 24. Qxd2 Qh4 25. Nf4 Nf6 26. Bd1 Nd5 27. Ng2 Qh3 28.
c4 f4 29. f3 e3 30. Qd3 Rf5 31. Qxf5 Qxf5 32. cxd5 cxd5 33. Ra2 hxg6 34. hxg6 Bxg6 35. Nh4 Qg5+ 36. Rg2 Qxh4 37. Rh2 Qxh2+ 38. Kxh2 Bd3 39. Rg1 Re8 40. Bb3 Bc4 41. Bc2 e2 42. Re1 Re3 43. Kg2 Rxa3 44. Bf5 Kg8 45. Bc8 Rb3 46. Be6+ Kf8 47.
Kf2 Ke7 48. Bf5 Kf6 49. Bd7 g5 50. Rh1 Re3 51. Re1 a5 52. Bc8 Rb3 53. Ra1 Rb2 54. Ke1 a4 55. Kf2 a3 56. Bg4 a2 57. c6 bxc6 58.
Bf5 Kxf5 59. Rh1 e1=Q+ 60. Kxe1 a1=Q# 0-1

[Event "Early-Titled-Tuesday-Blitz-January-30-2024"]
[Site "Chess.com"]
[Date "2024.01.30"]
[Round "5"]
[White "betta2004"]
[Black "Hovik_Hayrapetyan"]
[Result "0-1"]
[WhiteElo "2524"]
[BlackElo "2775"]
[TimeControl "180+1"]
[EndTime "8:58:54 PST"]
[Termination "Hovik_Hayrapetyan won by resignation"]

1. e4 c5 2. Nc3 d6 3. d4 cxd4 4. Qxd4 Nc6 5. Qd2 Nf6 6. b3 e6 7.
Bb2 d5 8. exd5 exd5 9. O-O-O Be6 10. Nf3 Qa5 11. Bd3 Bb4 12. a3 Bxa3 13. Nb5 Qxd2+ 14. Rxd2 Bxb2+ 15. Kxb2 O-O-O 16. Re1 Rhe8 17. h3 h6 18. Ne5 a6 19. Nxc6 bxc6 20. Nd4 Kb7 21. b4 Ne4 22. Bxe4 dxe4 23. Rxe4 Bd5 24. Rxe8 Rxe8 25. f3 g6 26. Ne2 g5 27. Nc3 Re5 28. Na4 h5 29. Nc5+ Ka7 30. Kc3 Re1 31. Kd4 Rc1 32. c3 Kb6 33. Re2 Kb5 34. Re7 Rd1+ 35. Nd3 Ka4 36. Ke3 Kb3 37. Ke2 Rg1 38. Nc5+ Kxc3 39.
Nxa6 Rxg2+ 40. Ke3 Rg3 41. Nc5 Rxf3+ 42. Ke2 Kxb4 43.
Nd3+ Kc3 44. Ne5 Rf5 45. Nd7 g4 46. hxg4 hxg4 47. Re8 g3 48. Rg8 Rf2+ 49. Ke3 Rf3+ 50. Ke2 Rd3 51. Ne5 Rd2+ 52. Ke3 g2 53. Rg3 f5 54. Kf4+ Kc2 55. Kxf5 Kc1 56. Kf4 Kd1 57. Ke3 Re2+ 58. Kd4 Re4+ 59. Kd3 Rxe5 60. Kd4 Rf5 61. Kd3 Ke1 0-1

[Event "Early-Titled-Tuesday-Blitz-January-30-2024"]
[Site "Chess.com"]
[Date "2024.01.30"]
[Round "5"]
[White "mertfelin"]
[Black "ImportedItalianMaple"]
[Result "0-1"]
[WhiteElo "2261"]
[BlackElo "2452"]
[TimeControl "180+1"]
[EndTime "8:58:54 PST"]
[Termination "ImportedItalianMaple won by resignation"]

1. e4 d5 2. exd5 Qxd5 3. Nc3 Qa5 4. d4 Nf6 5. Nf3 Bf5 6. Bc4 e6 7. Bd2 Bb4 8. O-O O-O 9. a3 Bxc3 10. Bxc3 Qb6 11.
Bd3 Bxd3 12. Qxd3 c6 13. Ne5 Nbd7 14. Nxd7 Nxd7 15. b3 Nf6 16. Rad1 Rfd8 17. Qf3 Qb5 18. Rfe1 Qd5 19. Qe2 Rd7 20. Bb2 Rad8 21. Rd3 Qd6 22. h3 Qc7 23. a4 Nd5 24. Qg4 Qf4 25. Qd1 Nb4 26. Rg3 c5 27. Qh5 cxd4 28. Rd1 Nxc2 29. Qe2 Nb4 30. Qc4 Nc6 31. b4 Ne5 32. Qe2 Ng6 33.
Rg4 Qd6 34. Rgxd4 Qc7 35. Qe4 Rxd4 36. Rxd4 Rxd4 37. Qxd4 f6 38. Qe4 Kf7 39. b5 Nf8 40. Ba3 Ng6 41. h4 Ne7 42. Qb4 Nf5 43. h5 Qd8 44. g3 Qd1+ 45. Kg2 Qxh5 46. Qf4 Qd1 47. Qc7+ Kg6 48. Qxb7 Qd5+ 49. Qxd5 exd5 50. a5 Nd4 51. Bc5 Nxb5 52. Kf3 Kf5 53. Ke3 Ke6 54. Kd3 g5 55. Bf8 h5 56. Bg7 h4 57. gxh4 gxh4 58. Bh6 h3 59. Bf4 Kf5 60. Bh2 Kg4 61. Kc2 Kf3 62.
Bg3 Kg2 63. Kb3 f5 0-1

[Event "Early-Titled-Tuesday-Blitz-January-30-2024"]
[Site "Chess.com"]
[Date "2024.01.30"]
[Round "5"]
[White "Rud_Makarian"]
[Black "Andrey_Klymchuk"]
[Result "1/2-1/2"]
[WhiteElo "3007"]
[BlackElo "2733"]
[TimeControl "180+1"]
[EndTime "8:58:55 PST"]
[Termination "Game drawn by 50-move rule"]

1. d4 Nf6 2. c4 c5 3. dxc5 e6 4. g3 Bxc5 5. Bg2 O-O 6. Nc3 Be7 7. Nf3 d6 8. O-O a6 9. Nd4 Qc7 10. b3 Nc6 11. Bb2 Bd7 12. Rc1 Qb8 13. e4 Nxd4 14. Qxd4 Bc6 15. a4 Re8 16. b4 Bf8 17. b5 Bd7 18.
Rfd1 e5 19. Qb6 Bg4 20. f3 Nd7 21. Qe3 Be6 22. Bf1 Nc5 23. Ba3 Qc7 24. Nd5 Bxd5 25.
cxd5 a5 26. Bxc5 dxc5 27. h4 Bd6 28. Kh2 b6 29. Bc4 Qe7 30. Qg5 g6 31. Kh3 Ra7 32. Qe3 f5 33. Qg5 Rf8 34. Qxe7 Rxe7 35. Bd3 f4 36. g4 h6 37. g5 h5 38. Kg2 Rc8 39.
Kf1 Rcc7 40. Ke2 Kf8 41. Kd2 Ke8 42. Bf1 Kd8 43. Bh3 Rg7 44. Kd3 Rge7 45. Kc4 Rg7 46. Be6 Rge7 47. Rg1 Rg7 48. Bf5 Ke7 49. Be6 Kf8 50.
Bh3 Rh7 51. Bf5 Rhg7 52. Bh3 Rce7 53. Kd3 Rc7 54. Rc2 Rge7 55. Rc4 Kg7 56. Bf1 Rf7 57. Bh3 Rf8 58. Be6 Rd8 59. Rgc1 Rf8 60. Ke2 Rd8 61. Rd1 Rf8 62. Kf2 Rd8 63. Kg2 Rf8 64. Rdc1 Rd8 65.
Kh3 Rf8 66. R1c2 Rd8 67. Re2 Rf8 68. Rd2 Rd8 69. Rd1 Rf8 70. Rb1 Rd8 71. Rf1 Rf8 72.
Rh1 Rd8 73. Kg2 Rf8 74. Bh3 Rd8 75. Rd1 Rf8 76. Rb1 Rd8 77. Rb3 Rf8 78. Rd3 Rd8 79.
Rd1 Rf8 80. Ra1 Rd8 81. Ra2 Rf8 82. Rac2 Rd8 83. Rd2 Rf8 84. Rd1 Rd8 85. Rdc1 Rf8 86. R1c2 Rd8 87. Rc1 Rf8 1/2-1/2

[Event "Early-Titled-Tuesday-Blitz-January-30-2024"]
[Site "Chess.com"]
[Date "2024.01.30"]
[Round "5"]
[White "Paladin61"]
[Black "BilodeauA"]
[Result "0-1"]
[WhiteElo "2735"]
[BlackElo "3026"]
[TimeControl "180+1"]
[EndTime "8:58:56 PST"]
[Termination "BilodeauA won by checkmate"]

1. e4 e5 2. Nf3 Nc6 3. Nc3 Nf6 4. a3 d6 5. d4 Bg4 6. d5 Nd4 7. Be2 Nxe2 8. Qxe2 g6 9. h3 Bd7 10. O-O Bg7 11. Nd2 O-O 12. a4 Nh5 13. Nc4 Qe8 14. b4 f5 15. Ra3 a6 16. Na5 f4 17. Nd1 b6 18. Nc6 Bxc6 19. dxc6 Qxc6 20.
c4 Rf7 21. Qd3 Qd7 22. Kh2 g5 23. Nc3 g4 24. hxg4 Qxg4 25. Qh3 Qg6 26. Nd5 Kh8 27. Rh1 Nf6 28. f3 Nh5 29. Re1 Ng3 30. Bb2 Re8 31. b5 a5 32. Kg1 Bf6 33. Kf2 Bd8 34. Rg1 Rg7 35. Raa1 Qf7 36. Bc3 Kg8 37. Ke1 Re6 38. Kd2 Rg5 39. Kd3 Qg6 40. Be1 Kf7 41. Bxg3 Rxg3 42.
Qh2 h5 43. Rh1 h4 44. Ra2 Qg7 45. Re2 Reg6 46. Rd2 Ke6 47. Rg1 Kd7 48. Re2 Kc8 49. Rf2 Kb7 50. Ke2 h3 51. Kf1 hxg2+ 52. Rgxg2 Rh6 53. Qg1 Rhh3 54. Ke2 Bh4 55. Rxg3 Bxg3 56. Rg2 Qh7 57. Qf1 Rh1 58. Rg1 Qh2+ 59. Rg2 Qh3 60. Rg1 Rh2+ 61. Kd3 Qh5 62. Rg2 Rh1 63. Qe2 Re1 64.
Qc2 Qxf3+ 65. Ne3 Qxe3# 0-1

[Event "Early-Titled-Tuesday-Blitz-January-30-2024"]
[Site "Chess.com"]
[Date "2024.01.30"]
[Round "5"]
[White "bancsoo"]
[Black "SaiAgni_98"]
[Result "1-0"]
[WhiteElo "2807"]
[BlackElo "2578"]
[TimeControl "180+1"]
[EndTime "8:58:56 PST"]
[Termination "bancsoo won on time"]

1. Nf3 d5 2. g3 Nf6 3. Bg2 Bf5 4.
O-O e6 5. c4 c6 6. Qb3 Qb6 7. d3 Nbd7 8. cxd5 exd5 9. Qc2 Be7 10. Nc3 O-O 11. e4 dxe4 12. dxe4 Bg4 13. Nh4 Ne8 14. h3 Be6 15. Nf3 Nd6 16. Be3 Qa5 17.
b3 Bf6 18. Rac1 Rfd8 19. Nd4 Nb5 20. Ncxb5 cxb5 21. Nxe6 fxe6 22. Rfd1 Nf8 23. Qe2 Rxd1+ 24. Rxd1 a6 25. Bc5 e5 26. Rd6 Qc3 27. Qe3 Qxe3 28.
Bxe3 Rd8 29. Rd5 Kf7 30. f4 Rxd5 31. exd5 exf4 32. Bxf4 Nd7 33. d6 b6 34. Bb7 a5 35.
Bc6 Ke6 36. Bxb5 Nc5 37. Kg2 g5 38. Bd2 Kxd6 39. Kf3 h6 40. Kg4 Be5 41. Be1 Ne4 42.
Bd3 Nf6+ 43. Kf5 Nd5 44. Kg6 Ne7+ 45. Kxh6 Bf6 46. Bd2 Be5 47. g4 Bf4 48. Bxf4+ gxf4 49. g5 f3 50. g6 f2 51. g7 Nf5+ 52. Kh7 Nxg7 53. Kxg7 Ke5 54. h4 Kd4 55. Bf1 Kc3 56.
h5 Kb2 57. h6 Kxa2 58. h7 a4 59. bxa4 1-0

[Event "Early-Titled-Tuesday-Blitz-January-30-2024"]
[Site "Chess.com"]
[Date "2024.01.30"]
[Round "5"]
[White "SuanFernandes"]
[Black "RobertJFischer71"]
[Result "0-1"]
[WhiteElo "2324"]
[BlackElo "2554"]
[TimeControl "180+1"]
[EndTime "8:59:01 PST"]
[Termination "RobertJFischer71 won by checkmate"]

1. d4 d6 2. Nf3 Nf6 3. c4 Nbd7 4.
Nc3 e5 5. e4 exd4 6. Nxd4 g6 7.
Be2 Bg7 8. O-O O-O 9. Be3 Re8 10. f3 c6 11. Nc2 Ne5 12. Qd2 Be6 13. b3 d5 14. cxd5 cxd5 15. f4 Neg4 16. e5 Nxe3 17. Qxe3 Ne4 18. Nxe4 dxe4 19. Rad1 Qa5 20. Nd4 Bd5 21.
Nb5 Red8 22. Nd6 Bc6 23. Bc4 Rf8 24. a4 Bh6 25. Nxe4 Qxe5 26. fxe5 Bxe3+ 27. Nf2 Rfd8 28. Kh1 Bxf2 29. Rxd8+ Rxd8 30. Rxf2 Rd1+ 31. Rf1 Rxf1+ 32. Bxf1 a5 33. Bc4 Kf8 34. Kg1 Ke7 35. Kf2 f6 36.
exf6+ Kxf6 37. g3 Ke5 38. Ke3 g5 39. Bd3 h6 40. Bc4 b6 41. Bg8 Be8 42. h4 Bg6 43.
hxg5 hxg5 44. Bc4 Be4 45. Bg8 Bc6 46. Bc4 Bb7 47. Bd3 Bd5 48. Bc4 Bxc4 49. bxc4 Kd6 50.
Kd4 Kc6 51. Kd3 Kc5 52. Kc3 g4 53. Kb3 Kd4 54. Kc2 Kxc4 55. Kd2 b5 56. Ke3 bxa4 57. Kf4 a3 58. Kxg4 a2 59. Kf4 a1=Q 60. g4 Qf6+ 61.
Kg3 Qg5 62. Kf3 a4 63. Ke4 a3 64. Kf3 a2 65. Ke2 a1=Q 66. Kf2 Qd4+ 67. Kf3 Qge3+ 68.
Kg2 Qxg4+ 69. Kf1 Qeg1# 0-1

[Event "Early-Titled-Tuesday-Blitz-January-30-2024"]
[Site "Chess.com"]
[Date "2024.01.30"]
[Round "5"]
[White "Shield12"]
[Black "Orujov2008"]
[Result "1-0"]
[WhiteElo "3003"]
[BlackElo "2722"]
[TimeControl "180+1"]
[EndTime "8:59:02 PST"]
[Termination "Shield12 won by resignation"]

1. d4 d5 2. c4 c6 3. Nf3 Nf6 4.
cxd5 cxd5 5. Nc3 Nc6 6. Bf4 Bf5 7. e3 e6 8. Ne5 Nd7 9. Nxc6 bxc6 10. a3 g5 11. Bg3 h5 12. h4 Bg7 13. Be2 e5 14. dxe5 Nxe5 15. Rc1 O-O 16. hxg5 Re8 17. Rxh5 d4 18. Na4 Bg6 19. Rh4 dxe3 20. Qxd8 Raxd8 21. fxe3 Nd3+ 22. Bxd3 Rxe3+ 23. Kf2 Rexd3 24. Bc7 Rd2+ 25. Kg1 Re8 26. Ba5 Bd4+ 27. Kh1 Rd3 28. Bc3 Bxc3 29. Rxc3 Rd2 30. b4 Ree2 31. Rg3 Be4 32. Rhg4 Kg7 33. Kh2 Kg6 34. Nc3 Bf5 35. Nxe2 Bxg4 36. Rxg4 Rxe2 37.
Rc4 Kxg5 38. Rxc6 Re3 39. Ra6 Re7 40. Kg3 f5 41. Kf3 Rc7 42. Ke3 f4+ 43. Ke4 Re7+ 44. Kd5 Kf5 45. b5 Re5+ 46. Kc4 Re4+ 47. Kc5 Re5+ 48. Kb4 Re7 49. a4 Rg7 50. a5 Rxg2 51.
Rxa7 Rb2+ 52. Kc5 Rc2+ 53. Kb6 Ke4 54. Re7+ Kd5 55. Rf7 Rc4 56. a6 Ke6 57. Rf8 Ke7 58.
a7 Ra4 59. Rxf4 Rxf4 60. a8=Q 1-0